 Dungeon Crawl Stone Soup version 0.28.0-45-g0d030f2227 (webtiles) character file.

Game seed: 16565658467382854076

78 101zpm the Magician (level 4, -4/31 HPs)
             Began as a Djinni Ice Elementalist on Apr 17, 2022.
             Slain by Sigmund
             ... wielding a +0 scythe
              (9 damage)
             ... on level 3 of the Dungeon.
             The game lasted 00:05:14 (2431 turns).

101zpm the Magician (Djinni Ice Elementalist)       Turns: 2431, Time: 00:05:15

Health: -4/31      AC:  2    Str:  7    XL:     4   Next: 61%
Gold:   38         EV: 12    Int: 18    God:
                   SH:  0    Dex: 14

rFire   + + .      SeeInvis .   (no weapon)
rCold   x . .      Faith    .   (no shield)
rNeg    . . .      Spirit   .   a - +0 robe
rPois   ∞          Reflect  .   (helmet currently unavailable)
rElec   .          Harm     .   (no cloak)
rCorr   .          Rampage  .   (no gloves)
Will    .....                   (boots unavailable)
Stlth   +.........              (no amulet)
HPRegen 0.10/turn               (no ring)
MPRegen 0.00/turn               (no ring)

@: confused, appendages, flying
A: horns 2, flying, sickness immunity, fire resistance 2, cold vulnerability 1,
float, innate caster, HP casting, extra vitality 1
a: End Transformation


You were on level 3 of the Dungeon.
You had temporarily grown beastly horns.
You visited 1 branch of the dungeon, and saw 3 of its levels.

You collected 38 gold pieces.

Inventory:

Missiles
 g - 5 poisoned darts
Armour
 a - a +0 robe (worn)
Scrolls
 c - a scroll of summoning {unknown}
 d - a scroll of identify {unknown}
 j - a scroll of blinking {unknown}
Potions
 b - 3 potions of curing {unknown}
 e - 2 potions of degeneration {unknown}
 f - a potion of ambrosia {unknown}
 h - 2 potions of magic {unknown}
 i - a potion of brilliance {unknown}


   Skills:
 + Level 2.3 Dodging
 + Level 1.7 Stealth
 + Level 0.1 Unarmed Combat
 + Level 4.4 Spellcasting


You couldn't memorise any spells.
You knew the following spells:

 Your Spells              Type           Power      Damage    Failure   Level
a - Freeze                Ice            76%        1d9       2%          1
b - Frozen Ramparts       Ice            38%        1d5       7%          3
c - Ozocubu's Armour      Ice            19%        N/A       7%          3
d - Hailstorm             Conj/Ice       19%        3d6       22%         4
e - Beastly Appendage     Tmut           38%        N/A       2%          1
Your spell library was empty.

Dungeon Overview and Level Annotations

Branches:
Dungeon (3/15)

Altars:
Kikubaaqudgha

Annotations:
D:3 1 runed translucent door, Sigmund


Innate Abilities, Weirdness & Mutations

You have temporarily grown beastly horns.
You are flying.
You are immune to sickness and miasma.
You are immune to poison.
Your flesh is very heat resistant. (rF++)
You are vulnerable to cold. (rC-)
You float through the air rather than walking.
You learn spells naturally, not from books.
Your magical power is your life essence.
You have superior vitality. (+4 MHP)


Message History

You grow a pair of large bovine horns.
Your frozen ramparts will break if you move.
Continue?
Okay, then.
Casting: Beastly Appendage (safe; 2% risk of failure)
Confirm with . or Enter, or press ? or * to list all spells.
The spell is extremely dangerous to miscast (22% risk of failure)!
Continue anyway?
Casting: Hailstorm (extremely dangerous; 22% risk of failure)
Press: ? - help, Dir - look around, f - activate A cannonade of hail descends around you!
The hail pelts Sigmund.
Sigmund is heavily wounded.
The wall freezes Sigmund.
Sigmund hits you from afar with a +0 scythe.
* * * LOW HITPOINT WARNING * * *
Casting: Hailstorm (extremely dangerous; 22% risk of failure)
Confirm with . or Enter, or press ? or * to list all spells.
The spell is extremely dangerous to miscast (22% risk of failure)!
Continue anyway?
Casting: Hailstorm (extremely dangerous; 22% risk of failure)
Press: ? - help, Dir - look around, f - activate A cannonade of hail descends around you!
The hail pelts Sigmund!
Sigmund is almost dead.
* * * LOW HITPOINT WARNING * * *
A frilled lizard comes into view.
The wall freezes Sigmund.
Sigmund casts a spell.
Sigmund flickers and vanishes!
Deactivating autopickup; reactivate with Ctrl-A.
Your frozen ramparts will break if you move.
Continue?
The frozen ramparts melt away as you move.
You hear some strange, mumbled words.
You are confused.
You bump into the rock wall.
You hear some strange, mumbled words.
You are more confused.
You bump into the rock wall.
You hear some strange, mumbled words.
You are more confused.
You bump into the rock wall.
Something hits you!
You die...

########........
#......#.....#####
##....<......... .
≈≈#....†...........#
≈≈+..#......##.##...
≈≈#. #....#..#.#..#
### ###..##.....##.
#......_.....
#@.##.....##. l
#..#..#.#..#...
##...##.##.....
##.l.........#
#######....## #####


You could see a frilled lizard.

Vanquished Creatures
  3 adders
  3 worms (D:2)
  A dart slug (D:1)
  2 ball pythons (D:1)
  3 bats (D:1)
  2 endoplasms
  2 giant cockroaches
  7 goblins
  A hobgoblin (D:1)
  3 jackals (D:1)
  A quokka (D:2)
  3 frilled lizards (D:1)
  3 kobolds
  3 rats
37 creatures vanquished.

Notes
Turn   | Place    | Note
-------+----------+-------------------------------------------
     0 | D:1      | 101zpm the Djinni Ice Elementalist began the quest for the
                  | Orb.
     0 | D:1      | Reached XP level 1. HP: 15/15 MP: 0/0
   108 | D:1      | Reached XP level 2. HP: 10/21 MP: 0/0
   651 | D:2      | Reached XP level 3. HP: 24/25 MP: 0/0
   651 | D:2      | Learned a level 1 spell: Beastly Appendage
   791 | D:2      | Reached skill level 4 in Spellcasting
  1362 | D:1      | Reached XP level 4. HP: 26/31 MP: 0/0
  1675 | D:1      | Found a faded altar of an unknown god.
  2285 | D:3      | Found a runed translucent door.
  2414 | D:3      | Noticed Sigmund
  2431 | D:3      | Slain by Sigmund

Illustrated notes

Levels and vault maps discovered:
D:1:      sevenhm_arrival_forest_fort_small_4, layout_loops_cross,
          hellmonk_ecumenical_altar_zigzags
D:2:      layout_rooms, st_stairs_6, serial_bayou_pond_d, hex_intersection
D:3:      layout_basic, mainiacjoe_overflow_small_starburst, minitemple,
          ebering_ghost_sewer_f, uniq_sigmund

Skill      XL: |  1  2  3 |
---------------+----------+-----
Spellcasting   | 4 |  4.4
Dodging        | |  2.3
Stealth        | |  1.7
Unarmed Combat | |  0.1

Action                   |  1- 3 |  4- 6 || total
-------------------------+-------+-------++-------
Melee: Unarmed           |     3 |     2 ||     5
 Cast: Freeze            |    39 |    12 ||    51
       Frozen Ramparts   |       |    10 ||    10
       Hailstorm         |       |     2 ||     2
       Beastly Appendage |       |     1 ||     1
Armor: Robe              |     3 |     6 ||     9
Dodge: Dodged            |    18 |    15 ||    33
